 Dungeon Crawl Stone Soup version 0.18.1-48-g4cf74bf (console) character file.

196 Kloppie the Skirmisher (level 5, -2/48 HPs)
             Began as a Hill Orc Fighter on July 9, 2016.
             Killed by divine providence
             ... invoked by an orc priest
              (15 damage)
             ... on level 3 of the Dungeon.
             The game lasted 00:03:15 (2542 turns).

Kloppie the Skirmisher (Hill Orc Fighter)           Turns: 2542, Time: 00:03:16

Health: -2/48      AC:  8    Str: 24    XL:     5   Next: 74%
Magic:  5/5        EV:  7    Int:  8    God:
Gold:   141        SH: 10    Dex: 11    Spells: 0 memorised, 4 levels left

rFire  . . .     SeeInvis .     a - +0 long sword
rCold  . . .     Gourm    .     b - +0 scale mail
rNeg   . . .     Faith    .     c - +0 shield
rPois  .         Spirit   .     (no helmet)
rElec  .         Dismiss  .     s - +0 cloak
rCorr  .         Reflect  .     (no gloves)
SustAt .         Harm     .     (no boots)
MR     .....                    (no amulet)
Stlth  ..........               (no ring)
                                (no ring)

@: mighty, not resistant to hostile enchantments, extremely unstealthy
A: no striking features
a: Convert to Beogh


You were on level 3 of the Dungeon.
You were not hungry.

You visited 1 branch of the dungeon, and saw 3 of its levels.

You collected 141 gold pieces.

Inventory:

Hand Weapons
 a - a +0 long sword (weapon)
Armour
 b - a +0 scale mail (worn)
 c - a +0 shield (worn)
 s - a +0 cloak (worn)
Jewellery
 t - an uncursed ring of protection from fire {unknown}
Scrolls
 i - a scroll of enchant weapon {unknown}
 j - 4 scrolls of identify {unknown}
 o - a scroll of enchant armour {unknown}
 q - a scroll of noise {unknown}
 r - 2 scrolls of remove curse {unknown}
 v - a scroll of magic mapping {unknown}
 w - a scroll of teleportation {unknown}
Potions
 d - 2 potions of might
 e - 2 potions of lignification {unknown}
 k - a potion of ambrosia {unknown}
 m - a potion of cure mutation {unknown}
 n - a potion of resistance {unknown}
 u - a potion of brilliance {unknown}
 z - a potion of invisibility {unknown}
Comestibles
 f - 3 bread rations
 g - 2 fruits
 h - 2 meat rations
 l - a slice of pizza
 p - 2 beef jerkies
 x - 3 chunks of flesh


   Skills:
 + Level 5.3 Fighting
 + Level 3.8 Long Blades
 - Level 3.2 Armour
 + Level 4.8 Shields


You had 4 spell levels left.
You didn't know any spells.

Dungeon Overview and Level Annotations

Branches:
Dungeon (3/15)

Altars:

Annotations:
D:2 1 exclusion


Message History

The orc priest is moderately wounded.
The orc priest hits you but does no damage.
You block the orc priest's attack.
Drink which item? (? for menu, Esc to quit)
You feel very mighty all of a sudden. The orc priest hits you with a dagger.
* * * LOW HITPOINT WARNING * * *
The orc priest calls upon Beogh to heal the orc priest.
The orc priest shouts, "Beogh is our master!
Accept the truth or die!"
The orc priest's wounds heal themselves!
You slash the orc priest!
You kill the orc priest!
You slash the rat!
You kill the rat!
The orc priest threatens, "By the altar or by the axe, you will meet Beogh!"
You slash the orc!
You kill the orc!
The orc priest invokes the aid of Beogh against you.
Beogh smites you!
You die...

#..... #..... . ######
.. ### ... ....
...####### .....
.........
......#############.....
...>..o@................
......#########.....####
..... #.....# ....
#.....# ... #.....## ..
#......### . ##........
#........ #........


You could see an orc priest.

Vanquished Creatures
  An orc priest (D:3)
  Ijyb (D:2)
  Natasha (D:2)
  4 adders
  A worm (D:2)
  4 dart slugs
  2 giant geckos
  3 orcs (D:3)
  6 bats
  5 giant cockroaches
  5 goblins
  8 hobgoblins
  4 jackals (D:1)
  A quokka (D:2)
  5 giant newts
  7 kobolds
  9 rats
67 creatures vanquished.

Notes
Turn   | Place    | Note
--------------------------------------------------------------
     0 | D:1      | Kloppie the Hill Orc Fighter began the quest for the Orb.
     0 | D:1      | Reached XP level 1. HP: 19/19 MP: 1/1
   241 | D:1      | Reached XP level 2. HP: 27/27 MP: 2/2
   305 | D:1      | Reached skill level 4 in Fighting
   400 | D:1      | Reached XP level 3. HP: 27/33 MP: 3/3
  1013 | D:2      | Reached XP level 4. HP: 16/41 MP: 4/4
  1289 | D:2      | Noticed Ijyb
  1301 | D:2      | Killed Ijyb
  1416 | D:2      | Noticed Natasha
  1427 | D:2      | Killed Natasha
  1427 | D:2      | Reached XP level 5. HP: 36/47 MP: 5/5
  2204 | D:3      | Reached skill level 5 in Fighting
  2542 | D:3      | Killed from afar by an orc priest

Skill      XL: |  1  2  3  4  5 |
---------------+----------------+-----
Fighting       | 4 5 |  5.3
Long Blades    | 3 |  3.8
Shields        | 4 |  4.8
Armour         | |  3.2

Action                   |  1- 3 |  4- 6 || total
-------------------------+-------+-------++-------
Melee: Long sword        |   123 |   158 ||   281
  Use: Potion            |       |     1 ||     1
  Eat: Chunk             |     1 |     5 ||     6
Armor: Scale mail        |    49 |    58 ||   107
Dodge: Dodged            |    32 |    46 ||    78
Block: Shield            |    66 |    70 ||   136
